 Dungeon Crawl Stone Soup version 0.26-a0-257-g47e9e61525 (webtiles) character file.

Game seed: 13407601043520599986

46 Infinimo the Magician (level 3, -3/24 HPs)
             Began as a Mummy Earth Elementalist on July 10, 2020.
             Slain by a centaur (7 damage)
             ... on level 2 of the Dungeon.
             The game lasted 00:01:44 (2400 turns).

Infinimo the Magician (Mummy Earth Elementalist)    Turns: 2400, Time: 00:01:45

Health: -3/24      AC:  2    Str: 11    XL:     3   Next: 44%
Magic:  5/7        EV: 12    Int: 15    God:
Gold:   60         SH:  0    Dex: 12    Spells: 7/8 levels left

rFire    x . .     SeeInvis .   i - +2 whip (flame)
rCold    + . .     Faith    .   (no shield)
rNeg     + + +     Spirit   .   c - +0 robe
rPois    ∞         Reflect  .   (no helmet)
rElec    .         Harm     .   (no cloak)
rCorr    .                      (no gloves)
MR       .....                  (no boots)
Stlth    ++........             (no amulet)
HPRegen  0.08/turn              (no ring)
MPRegen  0.10/turn              (no ring)

@: no status effects
A: no food or potions, fire vulnerability, cold resistance 1, negative energy
resistance 3, torment resistance, unbreathing
a: no special abilities


You were on level 2 of the Dungeon.
You were not hungry.

You visited 1 branch of the dungeon, and saw 2 of its levels.

You collected 60 gold pieces.

Inventory:

Hand Weapons
 i - a +2 whip of flaming (weapon)
Missiles
 b - 125 stones (quivered)
Armour
 c - a +0 robe (worn)
Scrolls
 e - a scroll of amnesia
 g - a scroll of fog
 h - 2 scrolls of blinking


   Skills:
 + Level 2.1 Dodging
 + Level 2.1 Stealth
 + Level 3.4 Spellcasting
   Level 0.7 Transmutations
 + Level 2.8 Earth Magic


You had 7 spell levels left.
You knew the following spells:

 Your Spells              Type           Power        Failure   Level
a - Sandblast             Erth           ##....       6%          1

Your spell library contained the following spells:

 Spells                   Type           Power        Failure   Level
 Passwall                 Tmut/Erth      #.......     14%         2
 Stone Arrow              Conj/Erth      #.....       32%         3
 Petrify                  Tmut/Erth      #.......     67%         4
 Lee's Rapid Deconstruct  Erth           ##........   86%         5


Dungeon Overview and Level Annotations

Branches:
Dungeon (2/15)

Altars:
Trog


Innate Abilities, Weirdness & Mutations

You do not eat or drink.
Your flesh is vulnerable to fire.
You are immune to poison.
Your flesh is cold resistant. (rC+)
You are immune to negative energy. (rN+++)
You are immune to unholy pain and torment.
You can survive without breathing.


Message History

* * * LOW HITPOINT WARNING * * *
You see here a leopard gecko corpse.
Casting: Sandblast (safe; 6% risk of failure)
Confirm with . or Enter, or press ? or * to list all spells.
Aiming: Sandblast (safe; 6% risk of failure)
Press: ? - help, Shift-Dir - straight line, f - centaur
Aim: a centaur, quivering 12 arrows The blast of sand hits the centaur.
The centaur is lightly wounded.
b - 126 stones
Casting: Sandblast (safe; 6% risk of failure)
Confirm with . or Enter, or press ? or * to list all spells.
Aiming: Sandblast (safe; 6% risk of failure)
Press: ? - help, Shift-Dir - straight line, f/p - centaur
Aim: a centaur, quivering 12 arrows (lightly wounded)
The blast of sand hits the centaur!
The centaur is heavily wounded.
b - 125 stones The centaur hits you!
You die...

#.#.#.# #.
#.#.#.# #.
#.#.#.# .####
#.#.#.. #...#
#.#.### #...#
#.#.. . .
#...# #.#
....#...#####
#.#
.......Sc@(.#
#.#
..#.#...###.##
#.# ##### #..#
#.# ###.# #.#
#...# #.#
#...# #.#
#...# #.#
#...## #.#
#....# #.#


You could see a centaur and an adder.

Vanquished Creatures
  A dart slug (D:2)
  2 leopard geckos
  3 giant cockroaches
  7 goblins
  7 hobgoblins
  6 kobolds
  2 bats (D:2)
  3 frilled lizards (D:1)
  9 rats (D:1)
40 creatures vanquished.

Notes
Turn   | Place    | Note
-------+----------+-------------------------------------------
     0 | D:1      | Infinimo the Mummy Earth Elementalist began the quest for
                  | the Orb.
     0 | D:1      | Reached XP level 1. HP: 13/13 MP: 4/4
   687 | D:1      | Reached XP level 2. HP: 19/19 MP: 3/5
   689 | D:1      | Reached skill level 3 in Spellcasting
  1533 | D:1      | Reached XP level 3. HP: 24/24 MP: 4/7
  1821 | D:2      | Found a bloodstained altar of Trog.
  1990 | D:2      | HP: 1/24 [goblin/stone (1)]
  2387 | D:2      | Noticed a centaur
  2400 | D:2      | Slain by a centaur

Illustrated notes

Levels and vault maps discovered:
D:1:      dpeg_arrival_rhombi, layout_basic
D:2:      layout_basic, gammafunk_temple_overflow_forgotten, old_standard_altar

Skill      XL: |  1  2 |
---------------+-------+-----
Spellcasting   | 3 |  3.4
Stealth        | 2 |  2.1
Dodging        | 2 |  2.1
Transmutations | |  0.7
Earth Magic    | |  2.8

Action                   || total
-------------------------++-------
Melee: Unarmed           ||    40
       Dagger            ||    31
       Whip              ||     9
 Cast: Sandblast         ||    43
  Use: Scroll            ||     4
 Stab: Sleeping          ||     1
Armor: Robe              ||    12
Dodge: Dodged            ||    56

Table legend:
 A = Non-vault XP
 B = Vault XP
 C = Vault XP percentage of total XP
 D = Non-vault monster count
 E = Vault monster count
 F = Vault count percentage of total count
                 A         B        C        D         E       F
            +---------+---------+-------+---------+---------+-------
      Total |      66 |       0 |   0.0 |      40 |       0 |   0.0
            +---------+---------+-------+---------+---------+-------
        D:1 |      45 |       0 |   0.0 |      29 |       0 |   0.0
        D:2 |      21 |       0 |   0.0 |      11 |       0 |   0.0
            +---------+---------+-------+---------+---------+-------
